 Dungeon Crawl Stone Soup version 0.27-a0-906-g0a00ce863d (webtiles) character file.

Game seed: 15644929447267770548

506 mhtbhm the Chopper (level 6, -5/55 HPs)
             Began as a Minotaur Fighter on Apr 6, 2021.
             Slain by Sigmund
             ... wielding a +1 scythe of venom
              (7 damage)
             ... on level 3 of the Dungeon.
             The game lasted 00:02:39 (2697 turns).

mhtbhm the Chopper (Minotaur Fighter)               Turns: 2697, Time: 00:02:40

Health: -5/55      AC:  7    Str: 22    XL:     6   Next: 97%
Magic:  5/5        EV:  8    Int:  5    God:
Gold:   150        SH: 10    Dex: 10    Spells: 5/5 levels left

rFire    . . .     SeeInvis .   a - +1 war axe (vorpal)
rCold    . . .     Faith    .   c - +0 kite shield
rNeg     . . .     Spirit   .   b - +0 scale mail
rPois    .         Reflect  .   (helmet restricted)
rElec    .         Harm     .   (no cloak)
rCorr    .         Rampage  .   (no gloves)
Will     .....                  (no boots)
Stlth    ..........             (no amulet)
HPRegen  0.18/turn              (no ring)
MPRegen  0.09/turn              (no ring)

@: mighty, very slightly contaminated, invisible
A: horns 2, retaliatory headbutt
a: no special abilities


You were on level 3 of the Dungeon.
You visited 1 branch of the dungeon, and saw 4 of its levels.

You collected 150 gold pieces.

Inventory:

Hand Weapons
 a - a +1 vorpal war axe (weapon)
Armour
 b - a +0 scale mail (worn)
 c - a +0 kite shield (worn)
Jewellery
 i - a ring of fire
Scrolls
 e - 3 scrolls of identify {unknown}
 f - 2 scrolls of fog {unknown}
 h - a scroll of noise {unknown}
 j - a scroll of magic mapping {unknown}
 p - a scroll of teleportation {unknown}
Potions
 k - a potion of invisibility
 l - a potion of ambrosia {unknown}
 m - a potion of lignification {unknown}
 n - a potion of experience {unknown}
 o - a potion of flight {unknown}


   Skills:
 + Level 4.9 Fighting
 + Level 5.7 Axes
 + Level 5.5 Armour
 + Level 2.0 Dodging
 + Level 0.7 Stealth
 + Level 5.0 Shields


You had 5 spell levels left.
You didn't know any spells.
Your spell library contained the following spells:

 Spells                   Type           Power      Damage    Failure   Level
 Animate Skeleton         Necr           0%         N/A       99%         1
 Magic Dart               Conj           0%         1d3       99%         1
 Pain                     Necr           0%         1d4       99%         1
 Blink                    Tloc           N/A        N/A       100%        2
 Call Imp                 Summ           0%         N/A       100%        2
 Slow                     Hex            0%         N/A       100%        2
 Conjure Flame            Conj/Fire      0%         6-21      100%        3
 Mephitic Cloud           Conj/Pois/Air  0%         N/A       100%        3
 Vampiric Draining        Necr           0%         2d6       100%        3
 Animate Dead             Necr           0%         N/A       100%        4
 Agony                    Necr           0%         N/A       100%        5


Dungeon Overview and Level Annotations

Branches:
Dungeon (4/15)
 Temple: D:4-7

Altars:

Annotations:
D:3 Sigmund


Innate Abilities, Weirdness & Mutations

You have a pair of horns on your head.
You reflexively headbutt those who attack you in melee.


Message History

You feel very mighty all of a sudden.
You feel very sick. You block the orc's attack.
The orc hits you but does no damage. Sigmund casts a spell at you.
The magic dart hits you.
* * * LOW HITPOINT WARNING * * *
Unknown command.
You barely miss Sigmund. Your headbutt misses Sigmund. You slash the orc!
You kill the orc!
You hit the orc.
You kill the orc!
* * * LOW HITPOINT WARNING * * *
You feel very sick.
Sigmund hits you with a +1 scythe of venom.
* * * LOW HITPOINT WARNING * * *
You are more poisoned.
The adder closely misses you.
It was a potion of invisibility.
You fade into invisibility!
* * * LOW HITPOINT WARNING * * *
You feel very sick. You block Sigmund's attack. The adder barely misses you.
You furiously retaliate!
You headbutt the adder.
You are very lightly contaminated with residual magic.
It was a potion of curing.
You feel better. You block the adder's attack.
Sigmund hits you with a +1 scythe of venom!
* * * LOW HITPOINT WARNING * * *
You are lethally poisoned!
You feel better. The adder closely misses you.
Sigmund gestures at you while chanting. The puff of flame hits you!
* * * LOW HITPOINT WARNING * * *
The adder bites you but does no damage.
Unknown command.
You slash Sigmund!
Sigmund is heavily wounded.
You closely miss the adder. You block Sigmund's attack.
You block the adder's attack.
Sigmund hits you with a +1 scythe of venom!
You die...

# #. # ###.###
## #.....# #
##. #.#.#.##
#.#.# ##......#
#.... #..#.#..#
#[#.# #...S@..#
##. #.##)@#.#
## #....)..#
#####.### .###
#.# .... #.#
#### #.# ##.#
#######..######
#.#
..............#
#.####


You could see Sigmund and an adder.

Vanquished Creatures
  A sky beast (D:4)
  2 scorpions (D:4)
  A hound (D:4)
  An iguana (D:4)
  3 orc wizards (D:4)
  A hound skeleton (D:4)
  6 adders
  2 adder skeletons (D:4)
  2 dart slugs
  5 orcs
  5 bats
  6 endoplasms
  6 goblins
  2 hobgoblins
  18 jackals
  6 kobolds
  5 quokkas
  6 ball pythons
  3 frilled lizards
  A jackal skeleton (D:4)
  8 rats
90 creatures vanquished.

Vanquished Creatures (others)
  An orc wizard (D:4)
1 creature vanquished.

Grand Total: 91 creatures vanquished

Notes
Turn   | Place    | Note
-------+----------+-------------------------------------------
     0 | D:1      | mhtbhm the Minotaur Fighter began the quest for the Orb.
     0 | D:1      | Reached XP level 1. HP: 19/19 MP: 0/0
   172 | D:1      | Reached XP level 2. HP: 27/27 MP: 1/1
   390 | D:1      | Reached XP level 3. HP: 22/33 MP: 2/2
  1150 | D:2      | You fall into a shaft and drop 2 floors!
  1155 | D:4      | Reached XP level 4. HP: 40/40 MP: 3/3
  1171 | D:4      | Noticed a sky beast
  1178 | D:4      | Killed a sky beast
  1179 | D:4      | Reached skill level 1 in Dodging
  1179 | D:4      | Reached XP level 5. HP: 39/46 MP: 4/4
  1675 | D:4      | Reached skill level 5 in Armour
  1675 | D:4      | Reached XP level 6. HP: 53/53 MP: 5/5
  1705 | D:4      | Reached skill level 5 in Axes
  2388 | D:3      | Found a faded altar of an unknown god.
  2610 | D:3      | Reached skill level 5 in Shields
  2685 | D:3      | Noticed Sigmund
  2695 | D:3      | HP: 2/55 [Sigmund/+1 scythe of venom (8)]
  2697 | D:3      | Slain by Sigmund

Illustrated notes

Levels and vault maps discovered:
D:1:      dpeg_arrival_shrine, layout_loops_ring, st_stairs_5, hex_medium
D:2:      layout_basic, uniq_robin
D:3:      layout_loops_ring, basic_ecumenical_altar, serial_glass,
          glass_columns_a, glass_columns_a, glass_columns_a, glass_columns_a,
          due_unseen_surprise, uniq_sigmund
D:4:      layout_loops_ring, minmay_a_box_with_orc_wizards_in_it

Skill      XL: |  1  2  3  4  5  6 |
---------------+-------------------+-----
Armour         | 4 5 |  5.5
Shields        | 4 5 |  5.0
Fighting       | 4 |  4.9
Axes           | 3 4 5 |  5.7
Dodging        | 1 2 |  2.0
Stealth        | |  0.7

Action                   |  1- 3 |  4- 6 || total
-------------------------+-------+-------++-------
Melee: War axe           |    78 |    99 ||   177
       Headbutt          |    11 |    13 ||    24
  Use: Potion            |       |     4 ||     4
Armor: Scale mail        |    29 |    42 ||    71
Dodge: Dodged            |    22 |    36 ||    58
Block: Kite shield       |    49 |    49 ||    98

Table legend: (Time is in decaauts)
 A = Elapsed time spent in this place.
 B = Non-inter-level travel time spent in this place.
 C = Inter-level travel time spent in this place.
 D = Time resting spent in this place.
 E = Time spent auto-exploring this place.
 F = Levels seen in this place.
 G = Mean time per level.
                   A        B        C        D        E       F      G
               +--------+--------+--------+--------+--------+-----+--------+
         Total |   2787 |   2787 |      0 |    528 |   1717 |   4 |  696.8 |
       Dungeon |   2787 |   2787 |      0 |    528 |   1717 |   4 |  696.8 |
               +--------+--------+--------+--------+--------+-----+--------+

Top non-repeatable levels by time:
     D:4: 1205 daAuts
     D:1: 915 daAuts
     D:3: 386 daAuts
     D:2: 280 daAuts
